Workbook

Sheet Instructions
E5: Fuel Budgeting Program Application
A8: Application Instructions
A10: Thank you for your interest in the Fuel Budgeting Program. This application will be used to
A11: collect information regarding your entity and participation in the program.
A13: Please make every effort to fill out this application accurately and completely. Please see below on which
A14: sections your entity needs to complete based on the proposed obligation to be purchased by the Indiana
A15: Bond Bank. If a question is not applicable, state N/A or enter $0 where appropriate.
A17: Sections to complete:
B18: General: | D18: ALL entities
B19: Page 2 | D19: ALL entities
B20: Page 3 | D20: Entities applying for gasoline fuel budgeting
B21: Page 4 | D21: Entities applying for diesel fuel budgeting
A23: Please note that any cells that are shaded yellow are locked and will auto-calculate and do not require the
A24: applicant to enter information. As you complete the application, please note that some of these cells will pull
A25: from information provided in other areas of the application.
A27: Shaded locked cell; do not enter information:
A28: Shaded unlocked cell; enter information:
A30: This application shall not constitute a contract or commitment to enter into a contract.
A32: Please attach the following items:
A33: ● | B33: Most recent State Board of Accounts Audited Annual Financial Report,
A34: ● | B34: Most recent City and Town Financial Report, School Form 9, or Annual Comprehensive Financial Report, and
A35: ● | B35: Proposed or Adopted (if available) 2027 Budget Form 1 for each participating fund.
A37: Please return this application and documents requested to fuel@inbondbank.com
A39: Indiana Bond Bank
A40: 10 West Market Street
A41: Suite 2410
A42: Indianapolis, Indiana 46204
A43: (317) 233-0888
A44: (800) 535-6974
A45: (FAX: 317-233-0894)

Sheet General
I3: Fuel Budgeting Program Qualified Entity Application
I4: Contact: FUEL@INBONDBANK.COM
A7: DATE
A10: Qualified Entity (QE) Information
A12: Name of Political Subdivisions:
A13: Form Completed By:
A14: Title of Applicant: | L14: Phone:
A15: Name of Contact (if different): | L15: Fax:
A16: Title of Contact (if different): | L16: Email:
A17: Address: | L17: Federal ID Number:
A18: City: | F18: County:
A19: State: | B19: IN | F19: Zip:
A22: BILLING ADDRESS (IF DIFFERENT):
A24: Name: | L24: Contact:
A25: Address: | L25: Phone:
A26: City: | E26: State: | G26: Zip: | L26: Fax:
A28: Name of Local Counsel: | L28: Local Counsel Phone:
A30: Local Counsel Email:
A31: Legislative Body (e.g., Common Council, Town Council, School Board):
A32: Dates of October and November 2026 Legislative Body Meetings:
A34: DID YOU PARTICIPATE IN THE 2026 PROGRAM? (Dropdown) | I34: Select | J34: =HYPERLINK("#"&ADDRESS(ROW(),COLUMN()-1),CHAR(128)) -> €
A35: FUEL NEEDS/CONSUMPTION:
A36: Is your oganization currently utilizing a different fuel hedge or price locking strategy? If so, please describe.
A37: Do you anticipate hedging for Gasoline Expense? (Dropdown) | I37: Select | J37: =HYPERLINK("#"&ADDRESS(ROW(),COLUMN()-1),CHAR(128)) -> €
A38: Do you anticipate hedging for Diesel Expense? (Dropdown) | I38: Select | J38: =HYPERLINK("#"&ADDRESS(ROW(),COLUMN()-1),CHAR(128)) -> €
A41: Please list the Funds from which gasoline/diesel fuel is budgeted.
A45: I hereby certify that, to the best of my knowledge, all information on this Application is true and complete.
A47: Signature:
A48: Date:

Sheet Page 2
G4: Fuel Budgeting Program Qualified Entity Application
G5: Contact: FUEL@INBONDBANK.COM
G9: 2026
G10: (Actual through July 31, 2026 and rest of 2026 projected)
C11: 2025 | J11: Budgeted 2027
A12: Gasoline
B13: Consumption (Gallons) | C13: ='Page 3 - Gasoline'!$D$25 -> 0 | G13: ='Page 3 - Gasoline'!$F$25 -> 0 | J13: ='Page 3 - Gasoline'!$H$25 -> 0
B14: Budgeted Amount | C14: 0 | G14: 0 | J14: 0
B15: Actual Amount | C15: 0 | G15: 0 | J15: Not Applicable
B16: Average Annual Fuel Price | C16: =IFERROR(ROUND(C15/C13,2),"") | G16: =IFERROR(ROUND(G15/G13,2),"") | J16: Not Applicable
A17: Diesel
B18: Consumption (Gallons) | C18: ='Page 4 - Diesel'!$D$25 -> 0 | G18: ='Page 4 - Diesel'!$F$25 -> 0 | J18: ='Page 4 - Diesel'!$H$25 -> 0
B19: Budgeted Amount | C19: 0 | G19: 0 | J19: 0
B20: Actual Amount | C20: 0 | G20: 0 | J20: Not Applicable
B21: Average Annual Fuel Price | C21: =IFERROR(ROUND(C20/C18,2),"") | G21: =IFERROR(ROUND(G20/G18,2),"") | J21: Not Applicable

Sheet Page 3 - Gasoline
G3: Fuel Budgeting Program Qualified Entity Application
G4: Contact: FUEL@INBONDBANK.COM
A7: Monthly Consumption - Gasoline | J7: 2027 Projected
J8: Hedge Amount: **
J9: 0
D10: 2025 Actuals | F10: 2026 Actuals/Estimates | H10: 2027 Projections | J10: 2027
B11: Month | D11: (In Gallons) | F11: (In Gallons) | H11: (In Gallons) | I11: Amount to Hedge
B13: January | D13: 0 | F13: 0 | H13: 0 | I13: * | J13: =ROUND(H13*$J$9,0) -> 0
B14: February | D14: 0 | F14: 0 | H14: 0 | I14: * | J14: =ROUND(H14*$J$9,0) -> 0
B15: March | D15: =-T13 -> 0 | F15: 0 | H15: 0 | I15: * | J15: =ROUND(H15*$J$9,0) -> 0
B16: April | D16: 0 | F16: 0 | H16: 0 | I16: * | J16: =ROUND(H16*$J$9,0) -> 0
B17: May | D17: 0 | F17: 0 | H17: 0 | I17: * | J17: =ROUND(H17*$J$9,0) -> 0
B18: June | D18: 0 | F18: 0 | H18: 0 | I18: * | J18: =ROUND(H18*$J$9,0) -> 0
B19: July | D19: 0 | F19: 0 | H19: 0 | I19: * | J19: =ROUND(H19*$J$9,0) -> 0
B20: August | D20: 0 | F20: 0 | G20: * | H20: 0 | I20: * | J20: =ROUND(H20*$J$9,0) -> 0
B21: September | D21: 0 | F21: 0 | G21: * | H21: 0 | I21: * | J21: =ROUND(H21*$J$9,0) -> 0
B22: October | D22: 0 | F22: 0 | G22: * | H22: 0 | I22: * | J22: =ROUND(H22*$J$9,0) -> 0
B23: November | D23: 0 | F23: 0 | G23: * | H23: 0 | I23: * | J23: =ROUND(H23*$J$9,0) -> 0
B24: December | D24: 0 | F24: 0 | G24: * | H24: 0 | I24: * | J24: =ROUND(H24*$J$9,0) -> 0
B25: Total | D25: =SUM(D13:D24) -> 0 | F25: =SUM(F13:F24) -> 0 | H25: =SUM(H13:H24) -> 0 | J25: =SUM(J13:J24) -> 0
B27: NOTE: Participants will decide the amount of fuel to hedge for each month. While the IBB recommends reviewing past monthly fuel consumption data to identify seasonal trends, providing historical monthly data is optional. If monthly data is not readily available, an annual total can be submitted instead.
B29: * Estimated.
B30: ** Enter projected hedge amount as a percentage. Entity can hedge up to 100% of the 2027 estimated consumption.

Sheet Page 4 - Diesel
G4: Fuel Budgeting Program Qualified Entity Application
G5: Contact: FUEL@INBONDBANK.COM
A7: Monthly Consumption - Diesel | J7: 2027 Projected
J8: Hedge Amount:**
J9: 0
D10: 2025 Actuals | F10: 2026 Actuals/Estimates | H10: 2027 Projections | J10: 2027
B11: Month | D11: (In Gallons) | F11: (In Gallons) | H11: (In Gallons) | J11: Amount to Hedge
B13: January | D13: 0 | F13: 0 | H13: 0 | I13: * | J13: =ROUND($J$9*H13,0) -> 0
B14: February | D14: 0 | F14: 0 | H14: 0 | I14: * | J14: =ROUND($J$9*H14,0) -> 0
B15: March | D15: 0 | F15: 0 | H15: 0 | I15: * | J15: =ROUND($J$9*H15,0) -> 0
B16: April | D16: 0 | F16: 0 | H16: 0 | I16: * | J16: =ROUND($J$9*H16,0) -> 0
B17: May | D17: 0 | F17: 0 | H17: 0 | I17: * | J17: =ROUND($J$9*H17,0) -> 0
B18: June | D18: 0 | F18: 0 | H18: 0 | I18: * | J18: =ROUND($J$9*H18,0) -> 0
B19: July | D19: 0 | F19: 0 | H19: 0 | I19: * | J19: =ROUND($J$9*H19,0) -> 0
B20: August | D20: 0 | F20: 0 | G20: * | H20: 0 | I20: * | J20: =ROUND($J$9*H20,0) -> 0
B21: September | D21: 0 | F21: 0 | G21: * | H21: 0 | I21: * | J21: =ROUND($J$9*H21,0) -> 0
B22: October | D22: 0 | F22: 0 | G22: * | H22: 0 | I22: * | J22: =ROUND($J$9*H22,0) -> 0
B23: November | D23: 0 | F23: 0 | G23: * | H23: 0 | I23: * | J23: =ROUND($J$9*H23,0) -> 0
B24: December | D24: 0 | F24: 0 | G24: * | H24: 0 | I24: * | J24: =ROUND($J$9*H24,0) -> 0
B25: Total | D25: =SUM(D13:D24) -> 0 | F25: =SUM(F13:F24) -> 0 | H25: =SUM(H13:H24) -> 0 | I25: * | J25: =SUM(J13:J24) -> 0
B27: NOTE: Participants will decide the amount of fuel to hedge for each month. While the IBB recommends reviewing past monthly fuel consumption data to identify seasonal trends, providing historical monthly data is optional. If monthly data is not readily available, an annual total can be submitted instead.
B29: * Estimated
B30: ** Enter projected hedge amount as a percentage. Entity can hedge up to 100% of the 2027 estimated consumption.

Sheet Data Validation
A1: Select
A2: Yes
A3: No
